Cogmind - Beta 16.1 @@@ ROGUE MODE // 2026.04.24 @ 19:32:54 Player: star Result: Destroyed by H-55 Commando with Gauss Rifle Performance ------------- Evolutions (0) 0 Regions Visited (3) 600 Robots Destroyed (17) 85 Value Destroyed (531) 531 Prototype IDs (24) 480 Alien Tech Used (0) 0 Bonus (300) 300 TOTAL SCORE: 1996 Bonus ------- Aligned with FarCom 300 Cogmind --------- Core Integrity 0/250 Matter 190/300 Energy 250/250 System Corruption 3% Temperature Cool (0) Movement Walking (190) Ox1 Location -10/Exiles Parts ------- > --- POWER (1) -------- Ion Engine > --- PROPULSION (2) --- Aluminum Leg > --- UTILITY (2) ------ Medium Storage Unit > --- WEAPON (2) ------- Small Laser > --- INVENTORY (10) --- Ion Engine Ion Engine Aluminum Leg Aluminum Leg Small Matter Pod (50) Experimental Sensor Array Chronowheel AWS/Thermal Grenade Launcher Peak State ------------ > --- POWER ------------ Ion Engine > --- PROPULSION ------- Aluminum Leg Aluminum Leg > --- UTILITY ---------- Medium Storage Unit Experimental Sensor Array > --- WEAPON ----------- EM Pulse Gun Beam Cannon > --- INVENTORY -------- Ion Engine Ion Engine Aluminum Leg Aluminum Leg Aluminum Leg Small Matter Pod Chronowheel AWS/Thermal Grenade Launcher [Rating: 18] Favorites ----------- Power Ion Engine Engine Ion Engine Propulsion Aluminum Leg Leg Aluminum Leg Wheel Compact Wheel Utility Medium Storage Unit Device Experimental Sensor Array Storage Medium Storage Unit Weapon Beam Cannon Energy Gun EM Pulse Gun Energy Cannon Beam Cannon Launcher Grenade Launcher Build | -11 -10 -10 -10 ------- Run | Yrd Mat Min Exi Slots Evolved . | . . . . Power . | . . . . Propulsion . | . . . . Utility . | . . . . Weapon . | . . . . Parts Attached 14 | 7 2 3 2 Power 1 | 1 . . . Engine 1 | 1 . . . Core . | . . . . Reactor . | . . . . Propulsion 5 | 3 . 1 1 Treads . | . . . . Leg 4 | 2 . 1 1 Wheel 1 | 1 . . . Hover . | . . . . Flight . | . . . . Utility 3 | 1 1 1 . Device 1 | . . 1 . Storage 2 | 1 1 . . Processor . | . . . . Hackware . | . . . . Protection . | . . . . Artifact . | . . . . Weapon 5 | 2 1 1 1 Energy Gun 3 | 2 . . 1 Energy Cannon 1 | . 1 . . Ballistic Gun . | . . . . Ballistic Cannon . | . . . . Launcher 1 | . . 1 . Special Weapon . | . . . . Impact Weapon . | . . . . Slashing Weapon . | . . . . Piercing Weapon . | . . . . Special Melee Weapon . | . . . . Unidentified Prototypes 1 | . . 1 . Parts Lost 4 | . . . 4 Power . | . . . . Propulsion 2 | . . . 2 Utility . | . . . . Weapon 2 | . . . 2 Highest Loss Streak 4 | . . . 4 To Critical Strikes . | . . . . Average Backups 7 | . 3 7 8 Power 1 | . 1 2 2 Propulsion 2 | . . 2 3 Utility 1 | . . 2 1 Weapon 1 | . . 1 1 Tool/Special . | . . . . Unused Backups 6 | . . . 6 Power 2 | . . . 2 Propulsion 1 | . . . 1 Utility 1 | . . . 1 Weapon 1 | . . . 1 Tool/Special 1 | . . . 1 Average Slot Usage (%) 95 | . 85 95 99 Engine 14 | . 14 14 14 Leg 28 | . 28 28 28 Device 9 | . . 9 13 Storage 14 | . 14 14 14 Energy Gun 9 | . 17 5 13 Energy Cannon 13 | . 10 14 13 Launcher 4 | . . 8 . Peak Build Rating 18 | 6 7 15 18 Average Rating 12 | 4 6 12 16 On Entrance 6 | . 6 6 15 Avg Prop Armor Cover (%) 3 | 3 . . . Naked Turns . | . . . . Heaviest Build 25 | 13 25 22 22 Greatest Support 20 | 20 20 20 20 Greatest Overweight (x) 1 | . 1 1 1 Average Overweight (x) . | . . . . Largest Inventory Capacity 10 | 8 10 10 10 Average Capacity 9 | 6 8 10 10 Most Carried 10 | 2 7 8 10 Average Carried 7 | . 3 7 8 Final Capacity 10 | 8 10 10 10 Final Carried 10 | 1 7 8 10 Class Distribution -------------------- 100% | Mutant Dominant Class ---------------- Mutant | -10/Materials Mutant | -10/Mines Mutant | -10/Exiles Resources | -11 -10 -10 -10 ----------- Run | Yrd Mat Min Exi Matter Collected 400 | 224 64 112 . Remotely . | . . . . Salvage Created 479 | . 77 177 225 Parts 27 | . 1 16 10 Haulers Intercepted . | . . . . Recyclers Shooed . | . . . . Parts Field Recycled . | . . . . Retrieved Matter . | . . . . Parts Self-Destructed . | . . . . Prevented . | . . . . Parts Restored . | . . . . Kills | -11 -10 -10 -10 ------- Run | Yrd Mat Min Exi Combat Hostiles Destroyed 15 | . 2 7 6 Guns 1 | . 1 . . Cannons 2 | . . 2 . AOE 12 | . 1 5 6 Classes Destroyed 3 | . 1 1 1 Swarmer 3 | . . 3 . Grunt 13 | . 2 4 7 Hunter 1 | . . . 1 Best Kill Streak 6 | . 2 3 6 Combat Bots Only 6 | . 2 3 6 Max Kills in Single Turn 3 | . 1 3 2 Gunslinging . | . . . . Exploded 3 | . 1 3 2 Melee . | . . . . Uniques/NPCs Destroyed . | . . . . Combat | -11 -10 -10 -10 -------- Run | Yrd Mat Min Exi Hostile Shots Fired 64 | . 3 12 49 Missed 17 | . 1 4 12 Hits 47 | . 2 8 37 Projectile 47 | . 2 8 37 Critical Strikes 2 | . . . 2 Damage Taken 781 | . 31 158 592 Core 266 | . . 82 184 Absorbed by Shields . | . . . . Core Remaining (%) 100 | 100 . . . Volleys Fired 21 | . 4 8 9 Largest 2 | . 2 2 2 Hottest 100 | . 100 100 100 Shots Fired 31 | . 8 13 10 Gun 10 | . 4 5 1 Cannon 10 | . 4 5 1 Launcher 11 | . . 3 8 Special . | . . . . Kinetic . | . . . . Thermal 10 | . 4 5 1 Explosive 11 | . . 3 8 Electromagnetic 10 | . 4 5 1 Robot Hit Streak 6 | . 3 6 5 Robot Miss Streak 1 | . 1 1 . Penetration Max . | . . . . Secondary Targets . | . . . . Shots Hit Robots 15 | . 5 8 2 Core Hits 27 | . 4 10 13 Critical Kills . | . . . . Critical Parts Destroyed . | . . . . Critical Strikes 1 | . 1 . . Corrupt 1 | . 1 . . Melee Attacks . | . . . . Impact . | . . . . Slashing . | . . . . Piercing . | . . . . Sneak Attacks . | . . . . Combat Hostiles . | . . . . Follow-up Attacks . | . . . . Damage Inflicted 1131 | . 174 430 527 Guns 120 | . 52 56 12 Cannons 121 | . 35 69 17 Explosions 890 | . 87 305 498 Melee . | . . . . Ramming . | . . . . Kinetic . | . . . . Thermal 278 | . 122 105 51 Explosive 733 | . . 269 464 Electromagnetic 120 | . 52 56 12 Impact . | . . . . Slashing . | . . . . Piercing . | . . . . Highest Corruption 3 | . . . 3 Average Corruption 1 | . . . 1 Corruption Purged . | . . . . Corruption Blocked . | . . . . Overload Shots . | . . . . Overflow Damage 23 | . . . 23 Projectiles . | . . . . Explosions 23 | . . . 23 Melee . | . . . . Knockbacks . | . . . . Impact . | . . . . Kinetic . | . . . . Secondary . | . . . . Self-Inflicted Damage 89 | . . 54 35 Shots 3 | . . 1 2 Rammed . | . . . . Targets Rammed . | . . . . Kicked . | . . . . Crushed . | . . . . Highest Temperature 258 | . 174 258 51 Average Temperature 92 | . 92 131 19 Received Heat Transfer 165 | . 18 57 90 Siege Activations . | . . . . Martial Activations . | . . . . Shielding Activations . | . . . . Robots Disrupted . | . . . . Combat Hostiles . | . . . . Robots Corrupted . | . . . . Combat Hostiles . | . . . . Parts Fried . | . . . . Impact Corruptions . | . . . . Robots Melted . | . . . . Combat Hostiles . | . . . . Parts Melted . | . . . . Heat Transferred 409 | . 124 198 87 Parts Sabotaged . | . . . . Parts Stolen . | . . . . Parts Stripped . | . . . . Power Chain Reactions 3 | . 1 1 1 Alert | -11 -10 -10 -10 ------- Run | Yrd Mat Min Exi Maximum Alert Level . | . . . . Low Security (%) 100 | 100 100 100 . Level 1 . | . . . . Level 2 . | . . . . Level 3 . | . . . . Level 4 . | . . . . Level 5 . | . . . . High Security . | . . . . Max Security . | . . . . Peak Influence 80 | . 59 80 . Initial 15 | . . 15 . Average 20 | . 13 23 . Influence Increases 403 | . 69 208 126 Destroy 0b10 Robot/C 300 | . 40 140 120 Destroy Leader 40 | . 10 30 . Allied During Kill 6 | . . . 6 Disable Machine 30 | . 15 15 . Destroy Structure 27 | . 4 23 . Influence Decreases 333 | . 30 247 56 Entered New Map 24 | . . 24 . Time Decay 269 | . 30 223 16 Lost Part 40 | . . . 40 Squads Dispatched . | . . . . Investigation . | . . . . Extermination . | . . . . Reinforcement . | . . . . Assault . | . . . . Garrison . | . . . . Intercept . | . . . . Searches Triggered . | . . . . Construction Impeded . | . . . . Haulers Reinforced . | . . . . Active Scanning Responses . | . . . . Cargo Convoy Interrupts . | . . . . Stealth | -11 -10 -10 -10 --------- Run | Yrd Mat Min Exi Distress Signals . | . . . . Communications Jammed . | . . . . Distress Signals . | . . . . Times Spotted 16 | . 3 4 9 Peak Tracking Total 6 | . 3 2 6 Tactical Retreats . | . . . . Traps | -11 -10 -10 -10 ------- Run | Yrd Mat Min Exi Traps Triggered . | . . . . Indirectly . | . . . . Trap Hack Attempts . | . . . . Triggered . | . . . . Disarmed . | . . . . Reprogrammed . | . . . . Reused . | . . . . Traps Extracted . | . . . . Installed . | . . . . Triggered . | . . . . Machines | -11 -10 -10 -10 ---------- Run | Yrd Mat Min Exi Machines Disabled 3 | . 1 1 1 Max in Single Turn 1 | . 1 1 1 Machines Repaired . | . . . . Machines Dismantled . | . . . . Machines Sabotaged . | . . . . Overloaded Fab Kills . | . . . . Hacking | -11 -10 -10 -10 --------- Run | Yrd Mat Min Exi Machines Accessed 1 | . . . 1 Terminals . | . . . . Fabricators . | . . . . Repair Stations . | . . . . Recycling Units . | . . . . Scanalyzers . | . . . . Garrison Access . | . . . . Total Hacks 1 | . . . 1 Successful 1 | . . . 1 Failed . | . . . . Catastrophic . | . . . . Database Lockouts . | . . . . Manual 1 | . . . 1 Terminals . | . . . . Fabricators . | . . . . Repair Stations . | . . . . Recycling Units . | . . . . Scanalyzers . | . . . . Garrison Access . | . . . . Terminal Hacks 1 | . . . 1 Proto ID Catalog 1 | . . . 1 Fabricator Hacks . | . . . . Repair Station Hacks . | . . . . Recycling Unit Hacks . | . . . . Scanalyzer . | . . . . Garrison Access Hacks . | . . . . Unauthorized Hacks . | . . . . Terminals . | . . . . Fabricators . | . . . . Repair Stations . | . . . . Recycling Units . | . . . . Scanalyzers . | . . . . Garrison Access . | . . . . Data Cores Recovered . | . . . . Used . | . . . . Hacking Detections . | . . . . Full Trace Events . | . . . . Feedback Events . | . . . . Feedback Blocked . | . . . . Robot Schematics Acquired . | . . . . Robots Built . | . . . . Authchips . | . . . . Time . | . . . . Total Robot Build Rating . | . . . . Part Schematics Acquired . | . . . . Parts Built . | . . . . Authchips . | . . . . Time . | . . . . Total Part Build Rating . | . . . . Part Studies Acquired . | . . . . Parts Repaired . | . . . . Time . | . . . . Parts Recycled . | . . . . Recycled Matter . | . . . . Retrieved Matter . | . . . . Retrieved Components . | . . . . Parts Scanalyzed . | . . . . Part Schematics Acquired . | . . . . Parts Damaged . | . . . . Bothacking | -11 -10 -10 -10 ------------ Run | Yrd Mat Min Exi Used RIF Installer . | . . . . Robots Hacked . | . . . . Non-combat . | . . . . Combat . | . . . . Robot Hacks Applied . | . . . . Relay Couplers Released . | . . . . Fabnet Peak Effective % . | . . . . Robots Rewired . | . . . . Allies Hacked . | . . . . Hacks Repelled . | . . . . Allies | -11 -10 -10 -10 -------- Run | Yrd Mat Min Exi Total Allies 3 | . . 3 . Largest Group 3 | . . 3 3 Highest-Rated Group 40 | . . 40 40 Highest-Rated Ally 16 | . . 16 16 Total Orders . | . . . . Ally Attacks 5 | . . . 5 Total Damage 46 | . . . 46 Kills . | . . . . Allies Corrupted . | . . . . Allies Melted . | . . . . Intel | -11 -10 -10 -10 ------- Run | Yrd Mat Min Exi Active Infowar (turns) 1004 | . . 500 504 Sensors 1004 | . . 500 504 Robot Analysis Total . | . . . . Derelict Logs Recovered 1 | . . 1 . Drone Launches . | . . . . Drone Recoveries . | . . . . Exploration | -11 -10 -10 -10 ------------- Run | Yrd Mat Min Exi Turns Passed 1491 | 60 211 710 510 Spaces Moved 851 | 42 158 403 248 Core 1 | 1 . . . Treads . | . . . . Legs 836 | 27 158 403 248 Wheels 14 | 14 . . . Hover . | . . . . Flight . | . . . . Fastest Speed 50 | 50 120 120 120 Average Speed 161 | 111 121 164 189 Slowest Speed 190 | 120 190 190 190 Overloaded Moves . | . . . . Propulsion Burnouts . | . . . . Robots Hopped . | . . . . Potential Cave-ins . | . . . . Cave-ins Triggered . | . . . . Exploration Rate (%) 40 | 5 31 80 44 Regions Visited 3 Branch Regions 2 Pre-discovered Areas . | . . . . Known Exits Taken . | . . . . Unknown Exits Taken 3 | 1 1 1 . Scrap Searched 1 | . . 1 . Spaces Dug . | . . . . Terrain Destroyed 43 | . 3 30 10 Melee . | . . . . Projectile . | . . . . AOE 43 | . 3 30 10 Terrain Rammed . | . . . . Walls Destroyed . | . . . . Machines Disabled . | . . . . Actions | -11 -10 -10 -10 --------- Run | Yrd Mat Min Exi Total 935 | 52 169 436 278 Wait 35 | 1 . 22 12 Move 848 | 41 157 402 248 Hop . | . . . . Pick Up 11 | 3 5 . 3 Fast Attach 7 | 4 1 1 1 Attach 3 | 2 . . 1 Detach 1 | . 1 . . Swap 7 | 1 1 3 2 Drop 2 | . . . 2 Fire 21 | . 4 8 9 Melee . | . . . . Ram . | . . . . Kick . | . . . . Crush . | . . . . Escape Stasis . | . . . . Rewire . | . . . . Trap . | . . . . Miscellaneous . | . . . . Route ------- -11/Scrapyard -10/Materials -10/Mines (discovered 2 exits: [*Mat] / *Exi) -10/Exiles (discovered 1 exit: [*Min]) History --------- Turn | Location | Event 19 | -11/Scrapyard | Discovered new exit (range 15) 61 | -11/Scrapyard | Entered Materials 248 | -10/Materials | Discovered new exit (range 16) 272 | -10/Materials | Entered Mines 314 | -10/Mines | Build established: Mutant 475 | -10/Mines | Found a damaged Exp. Sensor Array with a note attached 482 | -10/Mines | Found Prototype Device 482 | -10/Mines | Identified Exp. Sensor Array 763 | -10/Mines | Discovered new exit (range 3) 848 | -10/Mines | Assisted by bots powering up and referring to "LRC-V3" 960 | -10/Mines | Deemed a non-threat by the Exiles lab entrance 962 | -10/Mines | Discovered new exit (range 5) 982 | -10/Mines | Entered Exiles 982 | -10/Exiles | Accompanied by 3 allies 1007 | -10/Exiles | Discovered new exit (range 15) 1028 | -10/Exiles | Met 8R-AWN 1062 | -10/Exiles | Met EX-HEX 1112 | -10/Exiles | Met EX-BIN 1138 | -10/Exiles | Aligned with FarCom system 1140 | -10/Exiles | Given EX-Vault access code 1188 | -10/Exiles | Opened EX-Vault 1212 | -10/Exiles | Found AWS/Thermal 1251 | -10/Exiles | Warned to stay clear of 0b10 Research branches 1266 | -10/Exiles | Exiles lab attacked by MAIN.C 1399 | -10/Exiles | Found Chronowheel 1465 | -10/Exiles | P-60 Hacker assimilated allied Trooper 1b 1469 | -10/Exiles | Core integrity fell below 50% 1486 | -10/Exiles | Core integrity fell below 20% 1492 | -10/Exiles | Destroyed by H-55 Commando with Gauss Rifle Last Messages --------------- 01476_ G-34 Mercenary destroyed. 01476_ Machine disabled. 01477_ BIN's Workstation disabled. 01478_ The unstable cave ceiling collapses. 01480_ Chain reaction triggered in Lgt. Nuclear Core. 01480_ Trooper 1b destroyed. 01480_ EM Pulse Gun destroyed. 01480_ Destroyed EM Pulse Gun. 01482_ Penetrated by Slug. 01482_ Aluminum Leg destroyed. 01482_ Penetrated by Slug. 01484_ Acquired Sml. Laser. 01485_ Penetrated by Slug. 01486_ Dropped Exp. Sensor Array. 01489_ Penetrated by Slug. 01489_ Beam Cannon destroyed. 01490_ Acquired Exp. Sensor Array. 01491_ Penetrated by Slug. 01491_ Aluminum Leg destroyed. 01492_ Penetrated by Slug. Map ----- +----------------------------------------------------+ | ??????????????????????# ## """#????????????? | | ??????????????????????# X""#????????????? | | ??????????????????????# ## """#????????????? | | ????????????????####??# #??"""""?????????????? | | ???????????????""""""?# #???####?????????????? | | ???????????????"""" ## #????????????????????? | | ??????????????#""X" #????????????????????? | | ??????????????#" #????????????????????? | | ??????????????#" ## #????????????????????? | | ??????????????#""""""?# #?#########??????????? | | ??????????????##"###??# #?#"""""""#??????????? | | ??????????????????????# #?#"""""""#??????????? | | ??????????????????????# #?#"""""""#??????????? | | ?????????????????????## ###"" """"#??????????? | | ?????????????????????#" """"#??????????? | | ?????????????????????#" """#??????????? | | ?????????????????????#" """#??????????? | | ?????????????????????#" """#??????????? | | ?????????????????????#" ! """#??????????? | | ?????????????????????# """##?????????? | | ?????????????????????## """""?????????? | | ??????????????????????# """##?????????? | | ??????????????????????# =% X" """""?????????? | | ??????????????????????# %* """ #??????????? | | ??????????????????????# % """""""""#??????????? | | ?????????????????????##" @ ##########??????????? | | ????????????????????##"" #???????????????????? | | ???????????????######"" #???????????????????? | | ?????????????###""""""" #??????????????????? | | ???????? ???"""""" " " # ??#########??????? | | ?????? "" """ " ###"""""""""##???? | | ????? " " * = " """ """"##??? | | ????? [= "" " #??? | | ????? =g " """#??? | | ????? %* " "#??? | | ????? [ " "##?? | | ?????? %%= p h ""### | | ?????? """""" """# | | ??????? ######""" h "# | | ??????? ""#?????#####""" # | | ??????? """#??????????##""" | | ???????? """#????????????#"""" | | ???????? ???????????????#"" | | ????????? ?????????????????"""" | | ????????? ????????????????"" | | ??????????????????????????" | | ????????????????????????? | | ????????????????????????? | | ????????????????????????? " | | ????????????????????????? "" """ "" | +----------------------------------------------------+ Best States ------------- Heat Dissipation 25 Energy Generation 10 Energy Capacity 250 Matter Stores 300 Matter Capacity 300 Sight Range 16 Robot Scan Range 20 Terrain Scan Density 10 Evasion (%) 55 Item Schematics ----------------- None Robot Schematics ------------------ None Fabricated ------------ Nothing Repaired ---------- Nothing Studied --------- None Alien Tech Used ----------------- None Achievements -------------- None Challenges ------------ None Game ------ Seed NovaLauncherStick Manual? 0 Play Time 00:07:33 Cumulative 198.4 hours Start 2026.04.24 @ 19:27:36 End 2026.04.24 @ 19:32:54 Sessions 1 Manual Loads 0 Difficulty Rogue Special Mode None Game No. 331 Rogue 331 Adventurer 0 Explorer 0 Win Type - Total 2 Types 2/0/0/0/0/0/0/0/0/0 Lore% 61 Gallery% 60 Achievement% 46 Wizard Run 0 Options --------- Layout 2 ASCII 0 Keyboard 1 Movement Numpad Keybinds 0 Fullscreen 1 Font 20/SmallcapsGlow Map View 64x51 Zoom Use 0% Tactical HUD 1 Map Filters NONE Filters NONE Steam 1 RUN: dc543e7a-a36a-48d9-bda5-01861ee45ce2